[Event "*** SCC Grand Prix: Titled Tuesday Blitz"]
[Site "Chess.com"]
[Date "2020.06.09"]
[Round "3"]
[White "MathiasWomacka"]
[Black "heartofatiger"]
[Result "0-1"]
[WhiteElo "2397"]
[BlackElo "2597"]
[TimeControl "180+1"]
[EndTime "9:29:51 PDT"]
[Termination "heartofatiger won on time"]

1. e4 Nf6 2. e5 Nd5 3. d4 d6 4.
Nf3 Bg4 5. Be2 e6 6. h3 Bh5 7. O-O Be7 8. c4 Nb6 9. Nc3 O-O 10. Be3 d5 11. cxd5 exd5 12. Ne1 Bxe2 13. Qxe2 Qd7 14. Nd3 Nc6 15. Rac1 Rae8 16. Nf4 Nd8 17. b3 c6 18. a4 a5 19. Rc2 f6 20. Nd3 Nf7 21. Bf4 fxe5 22. Nxe5 Nxe5 23. Bxe5 Bb4 24. f4 c5 25.
Qb5 Qxb5 26. Nxb5 c4 27. bxc4 Nxc4 28. Rf3 Rf7 29. g4 g5 30. Kg2 gxf4 31. Re2 Bd2 32. Nc7 Rxc7 33. Bxc7 Rxe2+ 34. Kf1 Re1+ 35. Kf2 Re4 36. Rb3 Be3+ 37. Kg2 b6 38. Bxb6 Nxb6 39. Rxb6 Bxd4 40. Rd6 Re5 41. Kf3 Be3 42. h4 d4 43. g5 Kg7 44. Rd7+ Kg6 45. Rd6+ Kf7 46. Rd7+ Re7 47. Rd5 Rb7 48. Rxa5 d3 49. Rd5 d2 50.
a5 Rb1 51. Ke2 Re1+ 0-1

[Event "*** SCC Grand Prix: Titled Tuesday Blitz"]
[Site "Chess.com"]
[Date "2020.06.09"]
[Round "3"]
[White "TERMINATOR_PC"]
[Black "FMOlexandrProhorov"]
[Result "1-0"]
[WhiteElo "2479"]
[BlackElo "2072"]
[TimeControl "180+1"]
[EndTime "9:29:52 PDT"]
[Termination "TERMINATOR_PC won by resignation"]

1. e4 c5 2. Nc3 Nc6 3. g3 g6 4. Bg2 Bg7 5. d3 d6 6. Be3 Nd4 7. Qd2 Qa5 8. Nge2 e6 9. O-O Ne7 10. a3 Nxe2+ 11. Qxe2 Bxc3 12. bxc3 Qxc3 13. h3 O-O 14.
Bh6 Re8 15. h4 Bd7 16. h5 Ba4 17. Rac1 Rac8 18. Qg4 Nc6 19. f4 Kh8 20. hxg6 fxg6 21. f5 exf5 22. exf5 Qd4+ 23. Qxd4+ Nxd4 24. fxg6 hxg6 25. Kh2 Rc7 26. Rf6 Kh7 27. Bg5 Nxc2 28. Rh1 Re2 29.
Rxd6 Kg7 30. Kh3 Bd7+ 31. g4 Nd4 32. Be4 Be8 33. Kg3 Nc2 34. Bh6+ Kg8 35. Bf4 Bf7 36. Be5 Re3+ 37. Kf4 Kf8 38. Bf6 Bg8 39. Bxg6 Rf7 40. Bxf7 Kxf7 41. Bg5 Nd4 42. Kxe3 Nc6 43. Rxc6 bxc6 44.
Rh6 Ke8 45. Rxc6 Bd5 46. Rd6 Bb7 47. Bf4 Ke7 48. Rh6 Bc8 49. Rh7+ Ke6 50. g5 Kf5 51. Rxa7 Be6 52. Rc7 c4 53. Rxc4 Kg4 54. Rc5 Kh3 55.
Re5 Kg2 56. Rxe6 1-0

[Event "*** SCC Grand Prix: Titled Tuesday Blitz"]
[Site "Chess.com"]
[Date "2020.06.09"]
[Round "3"]
[White "Treacherous_horse64"]
[Black "Joshukid"]
[Result "0-1"]
[WhiteElo "2443"]
[BlackElo "2707"]
[TimeControl "180+1"]
[EndTime "9:29:53 PDT"]
[Termination "Joshukid won by resignation"]

1. d4 Nf6 2. Nf3 d5 3. e3 e6 4. c4 a6 5. b3 Bb4+ 6. Nbd2 O-O 7. Bd3 Ne4 8. O-O f5 9. Ne5 Nd7 10. f3 Nxe5 11. dxe5 Bc3 12. Rb1 Nxd2 13. Bxd2 Bxe5 14. Qe2 c6 15. e4 dxe4 16. fxe4 f4 17. Kh1 c5 18.
Rf3 Bd7 19. Rbf1 Qc7 20. Qf2 Bd4 21. Qh4 e5 22. g3 fxg3 23. Rxf8+ Rxf8 24. Rxf8+ Kxf8 25. Qxh7 gxh2 26. Bg5 Qd6 27. Be2 Be6 28. Bh5 Qc6 29.
Qg6 Kg8 30. Bh6 Qd7 31. Kxh2 Qf7 32. Qxf7+ Bxf7 33. Bxf7+ Kxf7 34. Bd2 Kg6 35. Kg3 Kh5 36. b4 cxb4 37. Bxb4 b5 38. cxb5 axb5 39. Kf3 Kh4 40. Be1+ Kh3 41. Bg3 g5 42. Bxe5 Bxe5 43. Ke3 g4 44.
Kf2 Kh2 45. Kf1 g3 46. Ke2 g2 47. Kf3 g1=Q 48. Ke2 Qd4 0-1

[Event "*** SCC Grand Prix: Titled Tuesday Blitz"]
[Site "Chess.com"]
[Date "2020.06.09"]
[Round "3"]
[White "j_coca"]
[Black "Smile2005"]
[Result "0-1"]
[WhiteElo "2192"]
[BlackElo "2509"]
[TimeControl "180+1"]
[EndTime "9:29:54 PDT"]
[Termination "Smile2005 won by resignation"]

1. f4 Nf6 2. Nf3 g6 3. e3 Bg7 4. d4 O-O 5. c3 d6 6. Bd3 Nbd7 7.
O-O e5 8. Nbd2 Re8 9. Bc2 e4 10. Ng5 d5 11. Nh3 Nf8 12. Nf2 h5 13. Kh1 Ng4 14. Qe2 Nh7 15. h3 Ngf6 16. Rg1 h4 17. Nf1 Nh5 18. Kh2 a5 19. Bd2 b6 20. b3 Qe7 21.
Rc1 Bh6 22. Bd1 Nxf4 23. exf4 e3 24. Bxe3 Bxf4+ 25. Bxf4 Qxe2 26. Bxe2 Rxe2 27. Nd3 Bf5 28. Ne1 Be4 29. Nd2 g5 30. Nxe4 gxf4 31. Nd3 dxe4 32. Nxf4 Rxa2 33. Rge1 Ng5 34. Re3 Nf3+ 35. Kh1 Nd2 36. Nd5 Rd8 37. Nf6+ Kg7 38. Nxe4 Re8 39. Rce1 Nxe4 40. Rxe4 Rxe4 41. Rxe4 Rb2 42. Rg4+ Kf6 43.
Rxh4 Rxb3 44. Rf4+ Ke6 45. Re4+ Kf6 46. Rf4+ Ke7 47.
Re4+ Kf8 48. Re3 a4 49. Re1 Rxc3 50. Kh2 a3 51. Ra1 b5 52. h4 b4 53. g3 Rc2+ 54. Kh3 a2 55. h5 b3 56. h6 Kg8 57. Re1 Kh7 58. Re7 a1=Q 59. Rxf7+ Kxh6 0-1

[Event "*** SCC Grand Prix: Titled Tuesday Blitz"]
[Site "Chess.com"]
[Date "2020.06.09"]
[Round "3"]
[White "Pintacara"]
[Black "albi1999"]
[Result "0-1"]
[WhiteElo "2324"]
[BlackElo "2553"]
[TimeControl "180+1"]
[EndTime "9:29:56 PDT"]
[Termination "albi1999 won on time"]

1. d4 Nf6 2. Bg5 e6 3. e4 h6 4. Bxf6 Qxf6 5. c3 c5 6. Nf3 cxd4 7. cxd4 Bb4+ 8. Nc3 O-O 9. e5 Qd8 10. Bd3 d6 11. O-O Bxc3 12. bxc3 dxe5 13. dxe5 Qc7 14. Qe2 Nd7 15. Rfe1 Rd8 16. Rac1 Nf8 17. c4 Bd7 18. c5 Bc6 19. Be4 Ng6 20. Bxg6 fxg6 21. Qe3 Qd7 22. Rc3 Qd5 23. a3 Rd7 24. h4 Rf8 25. Rcc1 Qd3 26.
Rcd1 Qxd1 27. Rxd1 Rxd1+ 28. Kh2 Rfd8 29. Qf4 R8d3 30.
Qg4 Kf7 31. Qf4+ Ke7 32. Qg4 Bxf3 33. gxf3 R1d2 34. Kg3 g5 35. hxg5 Rd4 36. Qh5 hxg5 37. Qxg5+ Kf7 38. Qh5+ Kf8 39. Qh8+ Kf7 40. Qb8 Rd7 41.
Qxa7 R2d5 42. Qb6 Rxe5 43. a4 Rf5 44. a5 Rfd5 45. c6 bxc6 46. a6 Rd1 47. a7 Ra1 48. Qxc6 Raxa7 49. Qe4 Ra5 50. Qf4+ Rf5 51. Qe3 Rb7 52. Qd3 Re7 53. Qc3 Kg8 54. Kg4 Ref7 55. Qc8+ Kh7 56. Qxe6 Rf4+ 57. Kg5 Rxf3 58. Qe4+ Kg8 59.
Qe8+ Rf8 60. Qe6+ Kh8 0-1

[Event "*** SCC Grand Prix: Titled Tuesday Blitz"]
[Site "Chess.com"]
[Date "2020.06.09"]
[Round "3"]
[White "2008king"]
[Black "fischercapa"]
[Result "1-0"]
[WhiteElo "2175"]
[BlackElo "2352"]
[TimeControl "180+1"]
[EndTime "9:29:56 PDT"]
[Termination "2008king won by resignation"]

1. e4 c5 2. Nf3 d6 3. d4 cxd4 4. Qxd4 a6 5. Be2 Nc6 6. Qe3 b5 7. O-O Bb7 8. c4 bxc4 9. Bxc4 e6 10. Nc3 Rc8 11. Rd1 Be7 12. b3 Na5 13. Bf1 Qc7 14. Bb2 Nf6 15. Rac1 Qb8 16. Qb6 Qc7 17. Qxc7 Rxc7 18.
Bd3 O-O 19. Bb1 Rfc8 20. Nd4 Nc6 21. Nxc6 Bxc6 22. f3 h5 23. Ne2 Bb7 24. Rxc7 Rxc7 25. Rc1 Rd7 26. Nd4 h4 27. Kf2 Bf8 28. g3 d5 29. e5 hxg3+ 30. hxg3 Nh5 31. f4 g6 32. Kf3 Bg7 33. g4 Nxf4 34. Kxf4 g5+ 35. Kf3 Bxe5 36. Rh1 Rc7 37. Bh7+ Kf8 38. Ke2 Bc8 39.
Rf1 Ke7 40. Bd3 a5 41. Nb5 Bxb2 42. Nxc7 Be5 43. Nb5 Bb7 44. Na3 Bc6 45. Nc2 Bd6 46.
Rf2 Bc5 47. Rh2 e5 48. Rh7 e4 49. Ba6 d4 50. Nxd4 Bxd4 51. Bc4 Be8 52. Rh1 Kf6 53. Rd1 Ke5 54. Rf1 f6 55. Rf5+ Kd6 56. Rd5+ Ke7 57. Rxd4 Bd7 58. Rxe4+ Kd6 59. Rd4+ Ke5 60.
Rxd7 1-0

[Event "*** SCC Grand Prix: Titled Tuesday Blitz"]
[Site "Chess.com"]
[Date "2020.06.09"]
[Round "3"]
[White "HanSchut"]
[Black "imdvb6307"]
[Result "0-1"]
[WhiteElo "2195"]
[BlackElo "2382"]
[TimeControl "180+1"]
[EndTime "9:29:57 PDT"]
[Termination "imdvb6307 won on time"]

1. e4 Nc6 2. Nf3 d6 3. d4 Nf6 4. Nc3 Bg4 5. Be3 e6 6. Be2 d5 7. e5 Nd7 8. a3 Be7 9. O-O O-O 10. h3 Bxf3 11. Bxf3 f6 12. exf6 Bxf6 13. Re1 Rf7 14. Qd2 Ne7 15. Bg4 Nf8 16. Bg5 Nf5 17. Bxf5 Bxg5 18.
f4 Rxf5 19. fxg5 Qxg5 20. Qxg5 Rxg5 21. Nb5 Kf7 22. Nxc7 Rc8 23. Nb5 Rxc2 24. Rf1+ Ke7 25. Rf2 Rxf2 26. Kxf2 a6 27. Nc3 Nd7 28. Re1 Kd6 29.
g4 Rg6 30. Kg3 Rf6 31. Ne2 Nb8 32.
Nf4 Nc6 33. g5 Rxf4 34. Kxf4 Nxd4 35. h4 g6 36. h5 e5+ 37. Kg4 Nf5 38. hxg6 hxg6 39.
Rh1 e4 40. Rh6 Ke5 41. Rxg6 d4 42. Rg8 d3 43. Re8+ Kd4 44. Kxf5 e3 45. g6 e2 46.
g7 d2 47. g8=Q d1=Q 48. Rd8+ Ke3 49. Qe6+ Kf2 50. Qb6+ Kf1 51. Rxd1+ exd1=Q 52. Qxb7 Qc2+ 53. Ke6 Qg6+ 54. Kd7 Qg7+ 55. Kc8 Qf8+ 56. Kc7 Qc5+ 57. Kb8 a5 0-1

[Event "*** SCC Grand Prix: Titled Tuesday Blitz"]
[Site "Chess.com"]
[Date "2020.06.09"]
[Round "3"]
[White "2L8IWUN"]
[Black "Caterpiller35"]
[Result "1-0"]
[WhiteElo "2545"]
[BlackElo "2298"]
[TimeControl "180+1"]
[EndTime "9:29:58 PDT"]
[Termination "2L8IWUN won on time"]

1. e4 c5 2. a3 g6 3. Nc3 Bg7 4.
Bc4 e6 5. d3 Nc6 6. Ba2 Nge7 7.
h4 h6 8. h5 g5 9. f4 gxf4 10.
Bxf4 Nd4 11. Nf3 b5 12. Qd2 Bb7 13. Nxd4 cxd4 14. Nxb5 Qb6 15. Nc7+ Kd8 16. Nxa8 Bxa8 17. Qb4 f5 18. Qxb6+ axb6 19. exf5 Nxf5 20. O-O-O Bxg2 21. Rhg1 Bf3 22. Rde1 Bxh5 23. Rg2 Bf6 24. Reg1 Bf3 25. Rg8+ Rxg8 26. Rxg8+ Ke7 27. Bc4 h5 28. Kd2 h4 29.
Ke1 h3 30. Kf2 Bg2 31. Bg5 Bxg5 32. Rxg5 Ne3 33. Rh5 Nxc2 34. Rh7+ Kf6 35. Rxd7 Ne3 36. Rh7 Nd1+ 37. Kg3 Nxb2 38. Rh6+ Kg5 39. Rxe6 Nd1 40. Re5+ Kg6 41. Rb5 Ne3 42. Rxb6+ Kg5 43. Rb5+ Kg6 44. Rb8 Nf1+ 45. Kf2 Ne3 46. Rg8+ Kf6 47. Rh8 Ke5 48. Bb5 Ng4+ 49. Kg3 Ne3 50. Rh5+ Kd6 51. a4 Kc7 52.
Rh7+ Kb6 53. Rh6+ Ka5 54. Ra6+ Kb4 55. Rd6 Nf1+ 56. Kf2 Ne3 57. Rxd4+ 1-0

[Event "*** SCC Grand Prix: Titled Tuesday Blitz"]
[Site "Chess.com"]
[Date "2020.06.09"]
[Round "3"]
[White "Morshynska"]
[Black "Falia-p"]
[Result "0-1"]
[WhiteElo "2208"]
[BlackElo "2408"]
[TimeControl "180+1"]
[EndTime "9:29:58 PDT"]
[Termination "Falia-p won on time"]

1. e4 c6 2. d4 d5 3. Nd2 dxe4 4.
Nxe4 Nf6 5. Nxf6+ exf6 6. c3 Bd6 7. Bd3 O-O 8. Qc2 Re8+ 9. Ne2 h5 10. O-O h4 11.
Be3 Nd7 12. Rae1 Nf8 13. Nf4 Qc7 14. g3 hxg3 15. fxg3 Ne6 16. Nh5 Nf8 17. Bf4 Bh3 18.
Bxd6 Qxd6 19. Rxe8 Rxe8 20. Rc1 Qd5 21. Nf4 Qd7 22.
Qf2 Be6 23. b3 a5 24. Rf1 a4 25. Bc2 axb3 26. axb3 Bd5 27. Nh5 Be4 28. Bd1 f5 29. Re1 Ng6 30. Nf4 Qd6 31. Nxg6 Qxg6 32. Bc2 f4 33.
Qxf4 f5 34. Bxe4 fxe4 35. c4 Qe6 36. h4 e3 37. Kh2 b5 38. h5 bxc4 39. bxc4 Qxc4 40.
Rxe3 Qc2+ 41. Kh3 Rxe3 42. Qxe3 Qf5+ 43. g4 Qf1+ 44. Kg3 Qd1 45. Qe5 Qd3+ 46. Kh4 Qc2 47. Kg5 Qd2+ 48. Qf4 Qd3 49. Kh4 Qc4 50. g5 Qd5 51. Qe3 Qh1+ 52. Kg4 Qg2+ 53. Kf4 Qh2+ 0-1

[Event "*** SCC Grand Prix: Titled Tuesday Blitz"]
[Site "Chess.com"]
[Date "2020.06.09"]
[Round "3"]
[White "Bathory44"]
[Black "renehp"]
[Result "1-0"]
[WhiteElo "2587"]
[BlackElo "2389"]
[TimeControl "180+1"]
[EndTime "9:30:00 PDT"]
[Termination "Bathory44 won by resignation"]

1. e4 c5 2. c3 Nf6 3. e5 Nd5 4. d4 cxd4 5. Nf3 d6 6. cxd4 Nc6 7. Bc4 e6 8. O-O Be7 9. Re1 O-O 10. exd6 Qxd6 11. Nc3 Nxc3 12. bxc3 b6 13. Bd3 Bb7 14. Ng5 Bxg5 15. Bxg5 Ne7 16. Qh5 Ng6 17. Re3 h6 18. Bxh6 Qd5 19. Qxd5 Bxd5 20. c4 gxh6 21. cxd5 exd5 22. Bxg6 fxg6 23. Re6 Kf7 24. Rc6 Rac8 25. Rac1 Rxc6 26. Rxc6 Re8 27. h4 Re4 28. h5 gxh5 29. Rxh6 h4 30. Rh7+ Ke6 31. Rxa7 Rxd4 32. Kh2 Rd2 33.
f3 Rd4 34. Kh3 Rb4 35. a3 Rc4 36. Rb7 d4 37. Rxb6+ Ke5 38. Rb5+ Ke6 39. Rb6+ Kd7 40. Rb7+ Kc6 41. Rb8 Kc7 42. Rb1 d3 43. Rd1 Rd4 44. f4 Kd6 45. Kxh4 Rxf4+ 46. Kg3 Rd4 47. Kf3 Kd5 48. Ke3 Ke5 49. Rxd3 Ra4 50. Kf3 Kf5 51.
Re3 Rf4+ 52. Ke2 Ra4 53. g3 Kg4 54. Kd2 Ra6 55. Kc2 Rc6+ 56. Rc3 Ra6 57. Kb3 Kf5 58. Re3 Rb6+ 59. Kc4 Ra6 60. Kb5 Ra8 61. a4 Rb8+ 62.
Kc6 Rc8+ 63. Kb7 Rc4 64. Ra3 Rb4+ 65. Kc6 Rc4+ 66. Kb5 Rc1 67. a5 Rb1+ 68. Kc6 Rc1+ 69. Kb7 Rb1+ 70. Ka7 Ke6 71. Rd3 Rb2 72. a6 Rb1 73. Ka8 Ke7 74. a7 Rb2 75. g4 Rb1 76. g5 Rb2 77. g6 Kf6 78. Rg3 Kg7 79.
Rc3 Kxg6 80. Rc8 Kf6 81. Rb8 Ra2 82. Kb7 Rb2+ 83. Kc6 Rc2+ 84. Kd5 Rd2+ 85. Ke4 Re2+ 86. Kf3 Ra2 87. a8=Q 1-0

[Event "*** SCC Grand Prix: Titled Tuesday Blitz"]
[Site "Chess.com"]
[Date "2020.06.09"]
[Round "3"]
[White "MichailovM"]
[Black "Fortitudine"]
[Result "1-0"]
[WhiteElo "2465"]
[BlackElo "2260"]
[TimeControl "180+1"]
[EndTime "9:30:00 PDT"]
[Termination "MichailovM won on time"]

1. e4 c5 2. Nf3 d6 3. d4 cxd4 4. Nxd4 Nf6 5. Nc3 Nc6 6. Bg5 Bd7 7. Qd2 Rc8 8. O-O-O Nxd4 9. Qxd4 Qa5 10. Bd2 Qc5 11.
Qxc5 Rxc5 12. f3 a6 13. h4 e6 14. Bf4 e5 15. Be3 Rc8 16. g4 Be6 17. g5 Nd7 18. Nd5 Bxd5 19. Rxd5 Be7 20. Bh3 Rc7 21. Rhd1 Nf8 22. a4 Ng6 23. h5 Nf4 24. Bxf4 exf4 25. e5 dxe5 26. Rxe5 O-O 27. c3 Bc5 28. Rdd5 Be3+ 29. Kc2 h6 30. gxh6 gxh6 31. Rd6 Kg7 32. Bf5 Rc5 33. Rxc5 Bxc5 34. Rd7 b6 35. b4 Be3 36.
Rd6 Rb8 37. Bd3 a5 38. bxa5 bxa5 39. Bb5 Rb7 40. Kd3 Rc7 41. c4 Bc5 42. Ra6 Bb4 43.
Bc6 Re7 44. Bd5 Re3+ 45. Kc2 Rc3+ 46. Kd1 Rd3+ 47. Ke2 Rd2+ 48. Kf1 Rh2 49. Ra7 Kf6 50. Rxf7+ Ke5 51. Kg1 Rxh5 52. Rc7 Kd4 53. Be4 Rg5+ 54. Kh2 Rc5 55. Rxc5 Bxc5 56. Bd5 1-0

[Event "*** SCC Grand Prix: Titled Tuesday Blitz"]
[Site "Chess.com"]
[Date "2020.06.09"]
[Round "3"]
[White "Shota_Azaladze"]
[Black "GregShahade"]
[Result "1-0"]
[WhiteElo "2794"]
[BlackElo "2567"]
[TimeControl "180+1"]
[EndTime "9:30:02 PDT"]
[Termination "Shota_Azaladze won on time"]

1. Nf3 c5 2. g3 g6 3. Bg2 Bg7 4. O-O Nc6 5. c3 e5 6. e4 Nge7 7.
d3 O-O 8. a3 d6 9. b4 b6 10.
Nbd2 h6 11. Bb2 Be6 12. b5 Na5 13. d4 exd4 14. cxd4 Nc4 15. Bc3 Nxd2 16. Qxd2 d5 17. e5 Rc8 18. a4 Qd7 19. Rfe1 Nf5 20. g4 Ne7 21. h3 g5 22. Qe2 Ng6 23. Bd2 Rfd8 24.
Bh1 Rc7 25. a5 c4 26. axb6 axb6 27. Reb1 c3 28. Be3 Rdc8 29. Rc1 Rc4 30. Rab1 Bf8 31.
Rc2 Bb4 32. Bg2 Qxb5 33. Rxc3 Qa5 34. Rcb3 R8c6 35. Bf1 Be7 36. Rb5 Qa7 37. Qd1 Rc3 38.
Bd3 Bf8 39. R5b3 Rxb3 40. Qxb3 Qc7 41. Bd2 Nf4 42. Bxf4 gxf4 43. Ne1 Rc3 44. Qd1 Be7 45. Kg2 f6 46. Nf3 fxe5 47. dxe5 Bc5 48. Bf5 Qd7 49.
Bxe6+ Qxe6 50. Rb3 d4 51. Rxc3 dxc3 52. Qd3 Bb4 53. Qe4 b5 54. Nd4 Qc4 55. e6 c2 56. Qg6+ Kh8 57. Nf5 Qe4+ 58. Kh2 Bc3 59. Qxh6+ Kg8 60. Qg6+ Kh8 61. Qe8+ Kh7 62. Qf7+ Kh8 63.
e7 c1=Q 64. e8=Q+ Qxe8 65. Qxe8+ Kh7 66. Qf7+ Kh8 67. Nh4 1-0

[Event "*** SCC Grand Prix: Titled Tuesday Blitz"]
[Site "Chess.com"]
[Date "2020.06.09"]
[Round "3"]
[White "Escanor89"]
[Black "dretch"]
[Result "0-1"]
[WhiteElo "2511"]
[BlackElo "2782"]
[TimeControl "180+1"]
[EndTime "9:30:03 PDT"]
[Termination "dretch won on time"]

1. c4 c6 2. e3 d5 3. Nf3 Bf5 4. d4 e6 5. Qb3 Qc7 6. Nc3 Nf6 7.
Be2 Nbd7 8. O-O Bd6 9. Bd2 O-O 10.
Rac1 Qb8 11. h3 Ne4 12. Rfd1 Nxd2 13. Rxd2 Rd8 14. Rcd1 Qc7 15. Rc1 dxc4 16. Bxc4 Be7 17. e4 Bg6 18. Be2 Qb6 19. Qxb6 axb6 20. a3 Nf6 21. e5 Ne4 22. Nxe4 Bxe4 23. Rcd1 b5 24. Bd3 Bxf3 25. gxf3 Bg5 26. Rc2 Ra4 27. Be4 Raxd4 28.
Rxd4 Rxd4 29. b3 Bf4 30. a4 bxa4 31. bxa4 Bxe5 32. Rc5 Bd6 33. Ra5 f5 34. Ra8+ Kf7 35. Bc2 Rd2 36. Bb3 Bc5 37. Rb8 Rd7 38. a5 Kf6 39. a6 bxa6 40. Rc8 Re7 41. Rxc6 Bd4 42.
Rxa6 Ke5 43. Kg2 g6 44. Ra5+ Kf6 45. Ra6 Be5 46. Rb6 Bf4 47. Rc6 Kf7 48. Bc4 Bd2 49. Rd6 Bf4 50. Rc6 Kf6 51. Rb6 Ke5 52. Rc6 Bh6 53. Rb6 Bd2 54. Rc6 Ba5 55. Ra6 Bb4 56. Rb6 Bc5 57. Rc6 Ba7 58. Ra6 Bb8 59. Rb6 Bc7 60.
Rc6 Bd8 61. Ra6 g5 62. Ra5+ Bxa5 0-1

[Event "*** SCC Grand Prix: Titled Tuesday Blitz"]
[Site "Chess.com"]
[Date "2020.06.09"]
[Round "3"]
[White "stolencandy13"]
[Black "rasmussvane"]
[Result "1-0"]
[WhiteElo "2487"]
[BlackElo "2871"]
[TimeControl "180+1"]
[EndTime "9:30:03 PDT"]
[Termination "stolencandy13 won on time"]

1. e4 c6 2. d4 d5 3. e5 Bf5 4.
h4 h5 5. Bd3 Bxd3 6. Qxd3 Qa5+ 7. Nd2 e6 8. Nf3 Nh6 9. O-O Nf5 10. c4 Be7 11. g3 O-O 12. b3 Rd8 13. Rd1 c5 14. cxd5 Rxd5 15. Nc4 Qa6 16. Ne3 Nxe3 17. Qxa6 Nxa6 18. Bxe3 Rad8 19. Rd2 Nb4 20. Rad1 cxd4 21. Bxd4 a6 22. a3 Nc6 23. Bb2 Na5 24. Rxd5 Rxd5 25. Rxd5 exd5 26. Nd2 Kf8 27. Kf1 Ke8 28. Ke2 Kd7 29. Kd3 b5 30. a4 g6 31. f4 Bc5 32.
axb5 axb5 33. Bd4 Kc6 34. Bxc5 Kxc5 35. Kc3 d4+ 36. Kc2 Kd5 37. Kd3 Nb7 38. b4 Nd8 39. Ne4 Nc6 40. Nf6+ Ke6 41. Ke4 Nxb4 42. Kxd4 Nc2+ 43. Kd3 Na3 44. Kc3 Nc4 45. Kd4 Nd2 46. Ke3 Nf1+ 47. Kf2 Nh2 48. Ke3 Ng4+ 49. Nxg4 hxg4 50. Kd4 Kf5 51. Kc5 Ke4 52. Kxb5 Kf3 53. h5 gxh5 54. f5 h4 55. e6 fxe6 56. f6 hxg3 57.
f7 g2 58. f8=Q+ Ke2 59. Qc5 Kf1 60. Qc4+ Kf2 61. Qd4+ Kf3 62. Qd1+ Kf2 63. Qd2+ Kf1 64. Qd3+ Kf2 65. Qd4+ Kf3 66. Qg1 e5 67. Kc4 g3 68.
Kd3 e4+ 69. Kd2 1-0

[Event "*** SCC Grand Prix: Titled Tuesday Blitz"]
[Site "Chess.com"]
[Date "2020.06.09"]
[Round "3"]
[White "MoonlighT89"]
[Black "chessmaugli"]
[Result "0-1"]
[WhiteElo "2562"]
[BlackElo "2462"]
[TimeControl "180+1"]
[EndTime "9:30:04 PDT"]
[Termination "chessmaugli won on time"]

1. d4 Nf6 2. Nf3 e6 3. Bf4 c5 4. c3 d5 5. Nbd2 Bd6 6. Bxd6 Qxd6 7. e3 Nbd7 8. Bd3 e5 9. dxe5 Nxe5 10. Nxe5 Qxe5 11.
Nf3 Qe7 12. O-O O-O 13. h3 Be6 14. Qe2 Rfe8 15. c4 dxc4 16. Bxc4 Bxc4 17. Qxc4 Rad8 18.
Rfd1 b6 19. a3 h6 20. Qa4 Qb7 21. Qc4 Qc6 22. b4 Qe4 23. Qa6 cxb4 24. axb4 Qxb4 25. Qxa7 Rxd1+ 26. Rxd1 b5 27. Nd4 Qb2 28. Qa1 Qxa1 29. Rxa1 Rb8 30. Rb1 b4 31. Kf1 Ne4 32. Ke1 Kf8 33.
Nc6 Rc8 34. Nxb4 Rb8 35. Rb2 Nc5 36. Ke2 Na4 37. Rb3 Nc5 38. Rc3 Rxb4 39. Rxc5 g6 40. Ra5 Kg7 41. Kf3 h5 42. g3 Rc4 43. g4 hxg4+ 44.
hxg4 Rb4 45. g5 Rc4 46. Ra7 Rb4 47. Kg3 Rc4 48. f3 Rb4 49. e4 Rc4 50. e5 Rc6 51. Kf4 Rc4+ 52. Kg3 Rc6 53. Rd7 Kf8 54. f4 Rc1 55. Rd4 Re1 56. Kf3 Ke7 57. Re4 Ra1 0-1

[Event "*** SCC Grand Prix: Titled Tuesday Blitz"]
[Site "Chess.com"]
[Date "2020.06.09"]
[Round "3"]
[White "MuhittinBuker"]
[Black "BikingBrian"]
[Result "0-1"]
[WhiteElo "1891"]
[BlackElo "2299"]
[TimeControl "180+1"]
[EndTime "9:30:05 PDT"]
[Termination "BikingBrian won by resignation"]

1. d4 Nf6 2. c4 g6 3. Nc3 Bg7 4. e4 d6 5. Nf3 O-O 6. Be2 Na6 7.
O-O e5 8. Be3 Ng4 9. Bg5 Qe8 10.
dxe5 dxe5 11. Bc1 f5 12. h3 Nf6 13. Be3 f4 14. Bc1 c6 15. b3 Qe7 16. a3 Rd8 17.
Qc2 Nc7 18. Bb2 Be6 19. Rad1 Bf7 20. Na4 b6 21. Nxe5 Be8 22. Bf3 g5 23. Ng4 h5 24.
Nxf6+ Bxf6 25. e5 Bg7 26. Qf5 Bd7 27. Rxd7 Rxd7 28. Bxc6 Rad8 29. Be4 Ne6 30. Nc3 Nd4 31. Nd5 Nxf5 32. Nxe7+ Nxe7 33. b4 Rd2 34. Bc3 Re2 35.
f3 Re3 36. Rc1 Kf8 37. c5 bxc5 38. bxc5 Rc8 39. Bd4 Rxa3 40. c6 Ra5 41. c7 Bxe5 42. Bxe5 Rxe5 43. Bb7 Ke8 44. Bxc8 Nxc8 45. Rd1 Re7 46.
Rd8+ Kf7 47. Rxc8 Kg7 48. Kf2 Kh7 49. Kf1 a5 50. Ra8 Rxc7 51. Rxa5 Rc2 52. Rxg5 Kh6 53. Rf5 Rc4 54. h4 Kg6 55. Rg5+ Kh6 56. Ke2 Rc2+ 57. Kd3 Rc6 58. Ke4 Rf6 59. Ke5 Rf7 60. Rf5 Rg7 61.
Kxf4 Rxg2 62. Rg5 Ra2 63. Rc5 Ra4+ 64. Kg3 Rb4 65. Rc6+ Kg7 66. Rc7+ Kh6 67. Rc6+ Kg7 68. Rd6 Kh7 69. Ra6 Kg7 70. Rf6 Kxf6 71. f4 Kf5 0-1

[Event "*** SCC Grand Prix: Titled Tuesday Blitz"]
[Site "Chess.com"]
[Date "2020.06.09"]
[Round "3"]
[White "Nbk90"]
[Black "Gloomy_Wanderer"]
[Result "0-1"]
[WhiteElo "2546"]
[BlackElo "2791"]
[TimeControl "180+1"]
[EndTime "9:30:08 PDT"]
[Termination "Gloomy_Wanderer won by resignation"]

1. e4 c5 2. Nf3 a6 3. c3 d5 4. exd5 Qxd5 5. d4 Bg4 6. Be2 Nf6 7. c4 Qd6 8. d5 e6 9. Nc3 exd5 10. cxd5 Nbd7 11. O-O Be7 12. Nd2 Bxe2 13. Qxe2 Nb6 14. Re1 Nfxd5 15. Nxd5 Nxd5 16. Nc4 Qg6 17. Ne3 Nxe3 18.
Qxe3 Qe6 19. Qxe6 fxe6 20. Rxe6 Kd7 21. Re2 Bf6 22. Be3 b6 23. Rc2 Rhd8 24. Kf1 Ke6 25. Ke2 Rd5 26. Rb1 a5 27. b3 Kd7 28. a4 Kc6 29. Rc4 Re8 30. Kf3 Rf5+ 31. Ke2 Bd4 32. Rd1 Bxe3 33. fxe3 Rfe5 34. Rd3 R8e7 35. Rf4 Rh5 36.
h3 Rg5 37. Kf2 Rg6 38. g4 Rd6 39. Rxd6+ Kxd6 40. Rf5 Ke6 41. e4 Rd7 42. Ke3 Rd1 43. Rg5 g6 44. h4 Rb1 45. h5 Rxb3+ 46. Kf4 Kf6 47. e5+ Kf7 48. hxg6+ hxg6 49. e6+ Kf6 50.
e7 Rb4+ 51. Kf3 Kxe7 52. Rxg6 c4 53. Rh6 c3 54. Rh7+ Kf6 55. Rh1 Rxa4 56. Rc1 Rc4 57.
Ke3 b5 58. Kd3 Kg5 59. Re1 c2 60. Re5+ Kxg4 61. Re1 c1=Q 62. Rxc1 Rxc1 0-1

[Event "*** SCC Grand Prix: Titled Tuesday Blitz"]
[Site "Chess.com"]
[Date "2020.06.09"]
[Round "3"]
[White "Rakhmanov_Aleksandr"]
[Black "GukeshDommaraju"]
[Result "1-0"]
[WhiteElo "2872"]
[BlackElo "2646"]
[TimeControl "180+1"]
[EndTime "9:30:10 PDT"]
[Termination "Rakhmanov_Aleksandr won on time"]

1. Nf3 Nf6 2. g3 g6 3. Bg2 Bg7 4. d4 d5 5. O-O O-O 6. c4 c6 7. Qa4 dxc4 8. Qxc4 Bf5 9. Nc3 Nbd7 10. h3 Nb6 11.
Qb3 Ne4 12. a4 Nxc3 13. bxc3 Qd5 14. Qb4 Qc4 15. a5 Qxb4 16. cxb4 Nd5 17. a6 bxa6 18. Bd2 Be4 19. Rxa6 Rfb8 20. Rfa1 Nxb4 21. Rxa7 Rxa7 22. Rxa7 Nd5 23. Ne5 Bxe5 24. dxe5 Bxg2 25. Kxg2 Kf8 26. e4 Nb6 27. Bg5 Re8 28. Rc7 Nc4 29. Bh6+ Kg8 30.
f4 Nd2 31. Rxc6 Nxe4 32. Kf3 f5 33. exf6 Nxf6 34. g4 Kf7 35. Bg5 Ra8 36. Bxf6 exf6 37. Rc7+ Kg8 38. Ke4 Ra4+ 39. Kd5 Rxf4 40. Ke6 g5 41.
Rb7 Rf3 42. Rc7 h6 43. Rb7 Rxh3 44. Kxf6 Ra3 45. Rb6 Ra4 46. Kg6 Kf8 47. Kh5 Rc4 48.
Rxh6 Rc5 49. Rg6 Kf7 50. Kh6 Rc1 51. Rg7+ Kf6 52. Rg6+ Kf7 53. Ra6 Rh1+ 54. Kxg5 Kg7 55. Ra7+ Kf8 56. Kg6 Rb1 57. Ra8+ Ke7 58. g5 Rg1 59.
Rg8 Rg2 60. Kh7 1-0

[Event "*** SCC Grand Prix: Titled Tuesday Blitz"]
[Site "Chess.com"]
[Date "2020.06.09"]
[Round "3"]
[White "MartinCerveny"]
[Black "Matibar"]
[Result "0-1"]
[WhiteElo "2498"]
[BlackElo "2725"]
[TimeControl "180+1"]
[EndTime "9:30:10 PDT"]
[Termination "Matibar won by resignation"]

1. d4 e6 2. Nf3 Nf6 3. g3 b5 4. e4 Nxe4 5. Bxb5 Be7 6. O-O O-O 7. Bd3 Nf6 8. c4 Bb7 9. Nc3 d6 10. Re1 Nbd7 11. b3 c5 12. d5 e5 13. Nh4 g6 14.
Qc2 Nh5 15. Bh6 Bxh4 16. Bxf8 Nxf8 17. gxh4 Qxh4 18. Re3 f5 19. Kh1 Qf6 20. Rg1 Ng7 21.
Reg3 Re8 22. Qd2 Bc8 23. Qh6 e4 24. Bc2 f4 25. Nxe4 Rxe4 26. Bxe4 fxg3 27. fxg3 Qe5 28. Bg2 Bf5 29. Qd2 Nd7 30. Re1 Qf6 31. Qf4 Ne5 32. h3 Nh5 33. Qf2 Bd7 34. Qxf6 Nxf6 35.
g4 g5 36. Bf1 h6 37. Rb1 a5 38. a3 Ne4 39. b4 axb4 40. axb4 Nd2 41. Rd1 Nxf1 42.
Rxf1 cxb4 43. Rb1 Nxc4 44. Rxb4 Ne5 45. Rb6 Nf7 46. Rb7 Ba4 47. Rb4 Bc2 48. Kg2 Kg7 49.
Kf3 Kf6 50. Ke3 Bg6 51. Rb3 Ne5 52. Kd4 Nd7 53. Rb7 Ke7 54. Ra7 Be8 55. Rb7 Kd8 56.
Ra7 Bg6 57. Ra8+ Ke7 58. Ra7 Bc2 59. Ra8 Bd1 60. Rh8 Ne5 61. Rxh6 Nf7 62. Re6+ Kd7 63. Re1 Ba4 64. Rh1 Ne5 65. h4 gxh4 66. Rxh4 Nf3+ 67. Ke4 Nxh4 68. g5 Bc2+ 69. Kf4 Bg6 70. Kg4 Nf5 71.
Kf4 Kc7 0-1